 Dungeon Crawl Stone Soup version 0.17.1-3-g152610e (webtiles) character file.

620 Gargoyl the Skirmisher (level 7, -5/55 HPs)
             Began as a Demonspawn Abyssal Knight on Mar 21, 2016.
             Was a Priest of Lugonu.
             Slain by a mummy (6 damage)
             ... in an ossuary.
             The game lasted 00:08:42 (3825 turns).

Gargoyl the Skirmisher (Demonspawn Abyssal Knight)  Turns: 3825, Time: 00:08:42

Health: -5/55      AC: 14    Str: 17      XL:     7   Next: 22%
Magic:  9/9        EV:  5    Int: 13      God:    Lugonu [***...]
Gold:   165        SH:  0    Dex: 10 (13) Spells: 0 memorised, 6 levels left

rFire  . . .     SeeInvis .     o - +1 battleaxe
rCold  + . .     Clarity  .     h - +1 plate armour
rNeg   . . .     SustAt   .     (shield currently unavailable)
rPois  .         Gourm    .     (no helmet)
rElec  .         Spirit   .     (no cloak)
rCorr  .         Warding  .     (no gloves)
rMut   .         Stasis   .     (no boots)
MR     ++...                    (no amulet)
Stlth  ..........               i - ring of protection from magic
                                k - +3 ring of strength

@: lethally poisoned (-5 -> -8), very resistant to hostile enchantments,
extremely unstealthy
A: talons 1, yellow scales 1, blink, cold resistance 1, magic resistance 1, no
device heal 1, rot immunity
a: Blink, Depart the Abyss, Bend Space, Banish, Renounce Religion


You were in an ossuary.
You worshipped Lugonu.
Lugonu was most pleased with you.
You were near starving.

You visited 1 branch of the dungeon, and saw 5 of its levels.
You visited the Abyss 1 time.
You also visited: Ossuary.

You collected 165 gold pieces.

Inventory:

Hand Weapons
 o - a +1 battleaxe (weapon)
 t - a cursed +0 war axe
 B - a +0 dire flail of protection
Missiles
 a - a poisoned javelin (quivered)
Armour
 h - a +1 plate armour (worn)
Jewellery
 i - a ring of protection from magic (right hand)
 k - a +3 ring of strength (left hand)
 w - the amulet "Xenae" {MR+ Regen+, unknown}
   (You found it on level 4 of the Dungeon)

   [amulet of regeneration]

   It affects your resistance to hostile enchantments.
   It increases your rate of regeneration.
 y - an uncursed ring of sustain attributes
Wands
 n - a wand of magic darts (22)
Scrolls
 e - a scroll of amnesia
 f - a scroll of enchant armour
 l - 3 scrolls of identify
 q - a scroll of random uselessness
 s - 2 scrolls of remove curse
Potions
 z - a potion of poison
Books
 p - a book of Fire

   Spells                             Type                      Level
   a - Ignite Poison                  Fire/Transmutation/Poison    3
   b - Fireball                       Conjuration/Fire             5
   c - Bolt of Fire                   Conjuration/Fire             6
   d - Delayed Fireball               Conjuration/Fire             7
   e - Ring of Flames                 Charms/Fire                  7
 x - a book of Frost

   Spells                             Type                      Level
   a - Freeze                         Ice                          1
   b - Throw Frost                    Conjuration/Ice              2
   c - Ozocubu's Armour               Charms/Ice                   3
   d - Throw Icicle                   Conjuration/Ice              4
   e - Summon Ice Beast               Ice/Summoning                4
   f - Condensation Shield            Ice                          4
Comestibles
 c - 5 bread rations
 m - a royal jelly
 r - 3 slices of pizza
 C - a beef jerky


   Skills:
 + Level 4.8 Fighting
 + Level 4.0 Axes
 + Level 0.5 Throwing
 * Level 4.3 Armour
 + Level 2.2 Dodging
 + Level 0.2 Stealth
 + Level 3.0 Invocations


You had 6 spell levels left.
You didn't know any spells.

Dungeon Overview and Level Annotations

Branches:
Dungeon (5/15)             Temple (0/1) D:5

Altars:
Zin


Innate Abilities, Weirdness & Mutations

You have sharp toenails.
You are partially covered in yellow scales (AC +2).
Your flesh is cold resistant.
You are immune to rotting.
You can translocate small distances at will.
You are resistant to hostile enchantments.
Potions and wands are less effective at restoring your health.


Message History

There was something very wrong with that liquid.
You feel clumsy. The mummy hits you.
* * * LOW HITPOINT WARNING * * *
You slash the mummy!
The mummy is almost destroyed.
You feel sick. The mummy hits you.
* * * LOW HITPOINT WARNING * * *
Unknown command.
Your plate armour prevents you from hitting the mummy.
You claw the mummy, but do no damage.
The mummy is almost destroyed.
* * * LOW HITPOINT WARNING * * *
You feel sick. The mummy hits you but does no damage.
You are near starving!
Your plate armour prevents you from hitting the mummy.
The mummy is almost destroyed.
* * * LOW HITPOINT WARNING * * *
You feel sick. The mummy hits you.
You die...

... ##..## ....
...##....##....
...............
...............
.............
#........#
#......# #.M@.#
#....# #....#
#....# #....#
#....# #....#
#....# #.∩∩.#


You could see a mummy.

Vanquished Creatures
  A phantom (D:4)
  2 ogres (D:4)
  Blork the orc (D:4)
  A scorpion (D:4)
  An orc priest (D:3)
  A hound skeleton (D:4)
  3 mummies (Ossuary)
  6 adders
  An ooze (D:1)
  2 worms
  An adder skeleton (D:4)
  6 giant geckos
  5 orcs
  A ball python (D:1)
  5 bats
  7 giant cockroaches
  A gnoll zombie (Ossuary)
  10 hobgoblins
  15 jackals
  8 kobolds
  3 giant newts
  10 goblins
  3 hobgoblin zombies (Ossuary)
  A jackal skeleton (D:4)
  A kobold zombie (Ossuary)
  3 orc zombies (Ossuary)
  7 rats
106 creatures vanquished.

Notes
Turn   | Place    | Note
--------------------------------------------------------------
     0 | Abyss:1  | Gargoyl the Demonspawn Abyssal Knight began the quest for the Orb.
     0 | Abyss:1  | Reached XP level 1. HP: 18/18 MP: 2/2
    67 | Abyss:1  | Noticed a thrashing horror
    68 | D:1      | Escaped the Abyss
   219 | D:1      | Gained mutation: You are partially covered in yellow scales (AC +2). [demonic ancestry]
   219 | D:1      | Reached XP level 2. HP: 9/24 MP: 4/4
   432 | D:1      | Reached skill level 1 in Dodging
   446 | D:1      | Reached * piety under Lugonu
   634 | D:1      | Gained mutation: Your flesh is cold resistant. [demonic ancestry]
   634 | D:1      | Reached XP level 3. HP: 29/29 MP: 5/5
  1264 | D:2      | Reached ** piety under Lugonu
  1573 | D:2      | Reached XP level 4. HP: 31/36 MP: 6/6
  2238 | D:3      | Reached XP level 5. HP: 42/42 MP: 7/7
  2281 | D:3      | Found a faded altar to an unknown god.
  2441 | D:4      | Reached skill level 4 in Fighting
  2487 | D:4      | Reached *** piety under Lugonu
  2540 | D:4      | Found a glowing silver altar of Zin.
  2605 | D:4      | Got a heavily runed amethyst amulet
  2721 | D:4      | Noticed Blork the orc
  2731 | D:4      | Killed Blork the orc
  2731 | D:4      | Gained mutation: You are immune to rotting. [demonic ancestry]
  2731 | D:4      | Reached XP level 6. HP: 17/48 MP: 8/8
  2982 | D:4      | Noticed an ogre
  2997 | D:4      | Killed an ogre
  3143 | D:4      | Noticed an ogre
  3161 | D:4      | Killed an ogre
  3481 | D:4      | Noticed a phantom
  3518 | D:4      | Killed a phantom
  3518 | D:4      | Gained mutation: You have sharp toenails. [demonic ancestry]
  3518 | D:4      | Reached XP level 7. HP: 30/55 MP: 9/9
  3757 | D:5      | Entered Level 5 of the Dungeon
  3784 | D:5      | Found a sand-covered staircase.
  3789 | Ossuary  | Entered an ossuary
  3821 | Ossuary  | Gained mutation: You are resistant to hostile enchantments. [potion of mutation]
  3821 | Ossuary  | Gained mutation: You can translocate small distances at will. [potion of mutation]
  3821 | Ossuary  | Gained mutation: Potions and wands are less effective at restoring your health. [potion of mutation]
  3824 | Ossuary  | HP: 2/55 [poison (a potion of poison)]
  3825 | Ossuary  | Slain by a mummy

Action                   |  1- 3 |  4- 6 |  7- 9 || total
-------------------------+-------+-------+-------++-------
Melee: Hand axe          |   125 |     5 |       ||   130
       Battleaxe         |       |   164 |    16 ||   180
Throw: Javelin           |       |     5 |       ||     5
Invok: Depart the Abyss  |     1 |       |       ||     1
  Use: Potion            |       |     1 |     6 ||     7
       Scroll            |       |     7 |     2 ||     9
  Eat: Chunk             |     2 |     4 |       ||     6
       Fruit             |       |     3 |       ||     3
